AoeStats
← MajorPansy

Runestones

507904150Analyzed
1v1 RM · 12d ago on Sep 20, 2026· 37m 10s· 2 players
Game mode
Random Map
Map size
Tiny (2 player)
Population
200
Speed
Normal
Resources
Standard
Victory
Conquest
Starting age
Dark Age
Ending age
Imperial Age
RankedLock teamsTeams togetherTeam positionsShared explorationLock speedFull tech treeHidden civsTurbo modeCheats
Victory
Defeat
🇺🇸 Franks · United States
830
+18
🇺🇸 Lithuanians · United States
873
-18
charlescolucci12
7:26 Loom
13:27 Feudal Age
19:55 Castle Age
20:56 Wheelbarrow
28:15 Double-Bit Axe
28:59 Stone Mining
37:04 Imperial Age
34:27 Town Watch
37:43 Husbandry
MajorPansy
5:01 Loom
8:35 Loom
12:48 Feudal Age
14:29 Wheelbarrow
13:44 Double-Bit Axe
14:01 Horse Collar
21:56 Castle Age
20:44 Stone Mining
20:50 Gold Mining
20:56 Fletching
21:54 Scale Barding Armor
22:59 Hand Cart
29:16 Bow Saw
39:46 Imperial Age
Connection lost

Rejoining the realm…

Still unreachable

The connection could not be restored.

Session expired

The server has moved on; the page needs a fresh start.